 Dungeon Crawl Stone Soup version 0.23.0-3-gf3c87f2 (webtiles) character file.

Game seed: 4834013936512497739

84 misha the Ducker (level 4, -2/34 HPs)
             Began as a Merfolk Gladiator on Feb 22, 2019.
             Slain by a gnoll
             ... wielding a +0 flail
              (5 damage)
             ... on level 2 of the Dungeon.
             The game lasted 00:09:32 (2817 turns).

misha the Ducker (Merfolk Gladiator)                Turns: 2817, Time: 00:09:33

Health: -2/34      AC:  7    Str: 15    XL:     4   Next: 46%
Magic:  4/4        EV: 14    Int:  7    God:
Gold:   99         SH:  0    Dex: 15    Spells: 3/3 levels left

rFire    . . .     SeeInvis .   b - +0 whip (freeze)
rCold    . . .     Gourm    .   (no shield)
rNeg     . . .     Faith    .   n - +0 leather armour
rPois    .         Spirit   .   c - +0 helmet
rElec    .         Reflect  .   (no cloak)
rCorr    .         Harm     .   i - +2 pair of gloves
MR       .....                  (no boots)
Stlth    +.........             (no amulet)
HPRegen  0.11/turn              (no ring)
MPRegen  0.09/turn              (no ring)

@: no status effects
A: change form in water, swift swim, stealthy swim
a: no special abilities


You were on level 2 of the Dungeon.
You were not hungry.

You visited 1 branch of the dungeon, and saw 3 of its levels.

You collected 99 gold pieces.

Inventory:

Hand Weapons
 a - a +0 long sword
 b - a +0 whip of freezing (weapon)
Missiles
 d - 3 throwing nets (quivered)
 e - 91 stones
 h - 2 poisoned tomahawks
 k - 6 javelins of returning
 o - 26 bolts
 r - 50 arrows
 u - 6 javelins
Armour
 c - a +0 helmet (worn)
 i - a +2 pair of gloves (worn)
 n - a +0 leather armour (worn)
Jewellery
 m - an uncursed ring of resist corrosion
 x - a +3 ring of dexterity {unknown}
Wands
 g - a wand of iceblast (6)
Scrolls
 j - a scroll of fear {unknown}
 s - a scroll of blinking
 w - a scroll of identify
Potions
 l - 2 potions of degeneration {unknown}
 p - 2 potions of resistance {unknown}
 q - 2 potions of agility {unknown}
 t - 2 potions of lignification {unknown}
 v - 2 potions of curing {unknown}
 z - a potion of flight {unknown}
Comestibles
 f - 2 rations


   Skills:
 + Level 2.9 Fighting
 + Level 4.3 Long Blades
 * Level 1.3 Maces & Flails
   Level 0.2 Polearms
 - Level 2.1 Throwing
 - Level 0.2 Armour
 - Level 4.3 Dodging


You had 3 spell levels left.
You didn't know any spells.
Your spell library was empty.

Dungeon Overview and Level Annotations

Branches:
Dungeon (3/15)

Altars:
Ashenzari
Gozag
Makhleb
Ru
Xom
The Shining One


Message History

The gnoll barely misses you. The gnoll hits you with a +0 flail.
* * * LOW HITPOINT WARNING * * *
You are too injured to fight recklessly!
You are too injured to fight recklessly!
You are too injured to fight recklessly!
You hit the gnoll. You freeze the gnoll.
The gnoll is moderately wounded.
The gnoll misses you.
You hit the gnoll. You freeze the gnoll.
The gnoll is heavily wounded.
The gnoll hits you with a +0 flail.
* * * LOW HITPOINT WARNING * * *
You hit the gnoll but do no damage.
The gnoll is heavily wounded.
The gnoll closely misses you.
You barely miss the gnoll.
The gnoll is heavily wounded.
The gnoll hits you with a +0 flail.
You die...

..............#..................
.......†......#..####.###........
..............#.>.......+........
............#.#........##........
................)................
...............................).
.................####............
...#######......g####.....###....
..## #÷.....@.....##### #....
###### #.......###### #.... ##.#
#.......# #.... ##..# #.......#
#.... ##...# #.......# #####
#....### ######### ..#..#.##
####.._.# ..#..#.##


You could see a gnoll.

Vanquished Creatures
  2 adders (D:2)
  3 worms (D:2)
  A dart slug (D:1)
  A leopard gecko (D:2)
  An orc (D:2)
  3 giant cockroaches (D:2)
  8 goblins
  7 hobgoblins (D:1)
  4 jackals (D:1)
  A quokka (D:2)
  5 bats
  2 frilled lizards (D:2)
  6 kobolds
  7 rats
51 creatures vanquished.

Notes
Turn   | Place    | Note
-------+----------+-------------------------------------------
     0 | D:1      | misha the Merfolk Gladiator began the quest for the Orb.
     0 | D:1      | Reached XP level 1. HP: 16/16 MP: 1/1
   175 | D:1      | Reached XP level 2. HP: 23/23 MP: 2/2
   513 | D:1      | Reached XP level 3. HP: 28/28 MP: 3/3
   666 | D:1      | Found a stormy altar of Qazlal.
   930 | D:1      | Found a shimmering altar of Xom.
   930 | D:1      | Found a bloodstained altar of Trog.
   932 | D:1      | Found a shattered altar of Ashenzari.
   932 | D:1      | Found a sparkling altar of Nemelex Xobeh.
   932 | D:1      | Found a shimmering altar of Xom.
  1801 | D:2      | Found a burning altar of Makhleb.
  1802 | D:2      | Found a sacrificial altar of Ru.
  1909 | D:2      | Reached skill level 1 in Maces & Flails
  1909 | D:2      | Reached XP level 4. HP: 33/34 MP: 4/4
  2297 | D:2      | Found an opulent altar of Gozag.
  2418 | D:2      | Found a glowing golden altar of the Shining One.
  2817 | D:2      | Slain by a gnoll

Skill      XL: |  1  2  3 |
---------------+----------+-----
Long Blades    | 4 |  4.3
Maces & Flails | 1 |  1.3
Fighting       | |  2.9
Polearms       | |  0.2
Throwing       | |  2.1
Armour         | |  0.2
Dodging        | |  4.3

Action                   |  1- 3 |  4- 6 || total
-------------------------+-------+-------++-------
Melee: Long sword        |    38 |     3 ||    41
       Whip              |    56 |    51 ||   107
       Spear             |    51 |       ||    51
  Use: Scroll            |     1 |     4 ||     5
 Stab: Sleeping          |     2 |       ||     2
  Eat: Ration            |     1 |     1 ||     2
Armor: Leather armour    |    48 |    15 ||    63
Dodge: Dodged            |   110 |    46 ||   156
       Rpst.: Long sword |     8 |       ||     8
